 Dungeon Sprint DCSS version 0.31.0-9-g3a7656b989 (webtiles) character file.

Game seed: 18392038398893482329

152 Heoruswealwe the Spear-Bearer (level 5, -9/52 HPs)
             Began as a Minotaur Fighter on Feb 3, 2024.
             Was an Initiate of Gozag.
             Mangled by a two-headed ogre
             ... wielding a +0 giant club
              (20 damage)
             ... in the Dungeon (Sprint IX: "|||||||||||||||||||||||||||||").
             The game lasted 00:00:57 (102 turns).

Heoruswealwe the Spear-Bearer (Minotaur Fighter)     Turns: 102, Time: 00:00:58

Health: -9/52      AC:  7    Str: 22    XL:     5   Next: 11%
Magic:  4/4        EV:  9    Int:  5    God:    Gozag
Gold:   0          SH:  4    Dex: 10    Spells: 4/4 levels left

rFire   . . .        a - +0 trident
rCold   . . .        d - +0 buckler
rNeg    . . .        c - +0 scale mail
rPois   .            (helmet restricted)
rElec   .            (no cloak)
rCorr   .            (no gloves)
SInv    .            (no boots)
Will    .....        (no amulet) Stlth
                     (no ring)
HPRegen 0.28/turn    (no ring)
MPRegen 0.09/turn

%: no teleportation
@: no status effects
A: horns 2, retaliatory headbutt
a: Renounce Religion, Potion Petition, Call Merchant, Bribe Branch


You were in the Dungeon.
You worshipped Gozag.
Gozag was noncommittal.
You visited 1 branch

Inventory:

Hand Weapons
 a - a +0 trident (weapon)
Armour
 c - a +0 scale mail (worn)
 d - a +0 buckler (worn)
Jewellery
 k - a +3 ring of intelligence
 l - a +3 ring of intelligence
Wands
 h - a wand of roots (10)
Scrolls
 j - 2 scrolls of blinking
Potions
 b - a potion of might
 e - 5 potions of curing
 f - 3 potions of heal wounds
 g - a potion of haste
 i - a potion of berserk rage


   Skills:
 + Level 7.1 Fighting
 * Level 9.1 Polearms
 + Level 7.1 Armour
 - Level 3.6 Shields


You had 4 spell levels left.
You didn't know any spells.
Your spell library was empty.

Dungeon Overview and Level Annotations

Branches:
Dungeon (1/1)

Altars:
Cheibriados
Dithmenos
Elyvilon
Fedhas
Gozag
Hepliaklqana
Kikubaaqudgha
Makhleb
Nemelex Xobeh
Okawaru
Qazlal
Ru
Sif Muna
Trog
Uskayaw
Vehumet
Wu Jian
Xom
Yredelemnul
Zin
The Shining One
Jiyva
Lugonu


Innate Abilities, Weirdness & Mutations

You have a pair of horns on your head.
You reflexively headbutt those who attack you in melee.


Message History

You see here a +0 barding.
You see here a +0 helmet.
You see here a +1 chain mail.
k - a +3 ring of intelligence
l - a +3 ring of intelligence You open the door.
A wight, a yak, 2 orc wizards, a two-headed ogre and a troll come into view.
The yak bellows!
The orc wizard shouts! x2
The two-headed ogre shouts in stereo!
The orc wizard mumbles some strange words.
The orc wizard flickers and vanishes!
Deactivating autopickup; reactivate with Ctrl-A.
You hit the troll.
The troll is lightly wounded.
The troll bites you. You block the troll's attack. The troll barely misses you.
You hit the troll.
The troll is lightly wounded.
The troll closely misses you. You furiously retaliate!
You headbutt the troll. You block the troll's attack.
The troll claws you but does no damage.
You barely miss the troll.
The troll is moderately wounded.
The troll bites you! You block the troll's attack. The troll claws you.
* * * LOW HITPOINT WARNING * * *
You hit the troll but do no damage. You headbutt the troll.
The troll is moderately wounded.
The troll closely misses you. The troll claws you but does no damage.
The troll barely misses you.
You closely miss the troll. You headbutt the troll!
The troll is heavily wounded.
You barely miss the two-headed ogre. You hit the two-headed ogre.
You headbutt the two-headed ogre.
The two-headed ogre is lightly wounded.
You puncture the two-headed ogre!
Your headbutt misses the two-headed ogre.
The two-headed ogre is moderately wounded.
The two-headed ogre hits you with a +0 giant club.
* * * LOW HITPOINT WARNING * * *
The two-headed ogre hits you with a +0 giant club!!
You die...
Your body crumbles into a pile of gold.

▓.▓
▓z▓
▓{▓
▓Y▓
▓o▓
▓T▓
▓O▓
▓@▓
▓.▓
▓[▓
▓[▓
▓[▓
▓.▓
▓)▓
▓?▓
▓!▓


You could see a two-headed ogre, a yak, a troll, a wight and an orc wizard.

Vanquished Creatures
  2 scorpions (D)
  A bombardier beetle (D)
  An ufetubus (D)
  2 goblins (D)
  A hobgoblin (D)
  A kobold (D)
  A quokka (D)
  A ball python (D)
10 creatures vanquished.

Notes
Turn   | Place    | Note
-------+----------+-------------------------------------------
     0 | D        | Heoruswealwe the Minotaur Fighter began the quest for the
                  | Orb.
     0 | D        | Reached XP level 1. HP: 19/19 MP: 0/0
     5 | D        | Reached skill level 3 in Polearms
    22 | D        | Noticed a scorpion
    22 | D        | Noticed a scorpion
    22 | D        | Noticed a bombardier beetle
    26 | D        | Killed a bombardier beetle
    27 | D        | Reached skill level 5 in Fighting
    27 | D        | Reached skill level 5 in Polearms
    27 | D        | Reached skill level 5 in Armour
    27 | D        | Reached XP level 2. HP: 28/29 MP: 1/1
    27 | D        | Reached XP level 3. HP: 35/36 MP: 2/2
    28 | D        | Killed a scorpion
    29 | D        | Reached skill level 7 in Polearms
    29 | D        | Reached XP level 4. HP: 38/44 MP: 3/3
    41 | D        | Killed a scorpion
    42 | D        | Reached skill level 9 in Polearms
    42 | D        | Reached XP level 5. HP: 31/52 MP: 4/4
    50 | D        | Found a snail-covered altar of Cheibriados.
    50 | D        | Found a shadowy altar of Dithmenos.
    50 | D        | Found a white marble altar of Elyvilon.
    50 | D        | Found a blossoming altar of Fedhas.
    50 | D        | Found an opulent altar of Gozag.
    51 | D        | Found a hazy altar of Hepliaklqana.
    52 | D        | Found a viscous altar of Jiyva.
    53 | D        | Found an ancient bone altar of Kikubaaqudgha.
    54 | D        | Found a corrupted altar of Lugonu.
    55 | D        | Found a burning altar of Makhleb.
    56 | D        | Found a sparkling altar of Nemelex Xobeh.
    57 | D        | Found an iron altar of Okawaru.
    58 | D        | Became a worshipper of Gozag Ym Sagoz the Greedy
    59 | D        | Found a stormy altar of Qazlal.
    60 | D        | Found a sacrificial altar of Ru.
    61 | D        | Found a shimmering blue altar of Sif Muna.
    62 | D        | Found a bloodstained altar of Trog.
    63 | D        | Found a hide-covered altar of Uskayaw.
    64 | D        | Found a radiant altar of Vehumet.
    65 | D        | Found an ornate altar of the Wu Jian Council.
    66 | D        | Found a shimmering altar of Xom.
    67 | D        | Found a basalt altar of Yredelemnul.
    68 | D        | Found a glowing silver altar of Zin.
    69 | D        | Found a glowing golden altar of the Shining One.
    94 | D        | Noticed a yak
    94 | D        | Noticed a two-headed ogre
    94 | D        | Noticed a troll
   102 | D        | Mangled by a two-headed ogre

Illustrated notes

Levels and vault maps discovered:
D:        linesprint [early_d, line_temple, items_1, d_10, items_2, lair_1,
          lair_end, items_3, orc_1, orc_end, items_4, d_15, swamp_1, shoals_1,
          snake_1, spider_1, d_20, vaults_1, items_5, swamp_end, shoals_end,
          snake_end, spider_end, vaults_end, d_27, items_6, zot_1, zot_end,
          crypt_end, forest_end, elf_end, slime_end, tomb_end, abyss_end,
          pan_hell_end]

Skill      XL: |  1  2  3  4 |
---------------+-------------+-----
Polearms       | 5 7 9 |  9.1
Fighting       | 5 6 7 |  7.1
Armour         | 5 6 7 |  7.1
Shields        | |  3.6

Action                     |  1- 3 |  4- 6 || total
---------------------------+-------+-------++-------
  Melee: Trident           |    16 |    23 ||    39
         Headbutt          |     2 |     3 ||     5
 Armour: Scale mail        |     8 |    15 ||    23
  Dodge: Dodged            |     2 |     7 ||     9
  Block: Buckler           |     1 |     7 ||     8
